Map: Dreamcatcher LE

Players

Bunny

  • Race: Terran Terran
  • League: Diamond
  • Spawn Location: 5:00

Serral - Winner!

  • Race: Zerg Zerg
  • League: Master
  • Spawn Location: 11:00

Event: HomeStory Cup XVIII

VOD

Have the link to the VOD?

Description

Time

  • Played on: Nov. 25, 2018, 12:14 p.m.
  • Length: 5:43

All games in this series

Show
View Real Time Build Order
Export as new Build Order

Bunny Terran 

Build Orders: Liberator Opening, Reaper Expand 

Get SALT Encoding   

  12  0:00  SCV  
  13  0:12  SCV  
  14  0:17  Supply Depot  
  14  0:24  SCV  
  15  0:38  SCV  
  15  0:40  Barracks  
  16  0:44  Refinery  
  16  0:50  SCV  
  17  1:03  SCV  
  18  1:15  SCV  
  19  1:27  Reaper, Orbital Command  
  20  1:40  Command Center  
  20  1:51  Supply Depot  
  20  1:52  SCV  
  21  1:59  Marine  
  22  2:04  SCV  
  22  2:06  Factory  
  23  2:10  Refinery  
  23  2:16  SCV  
  23  2:22  Barracks Reactor  
  24  2:29  SCV  
  25  2:41  SCV  
  26  2:51  Starport, Orbital Command  
  26  2:53  SCV  
  27  3:05  Barracks Tech Lab, SCV  
  28  3:06  Hellion x2  
  28  3:10  Liberator  
  32  3:17  SCV  
  32  3:18  SCV  
  34  3:27  Hellion x2  
  34  3:29  Supply Depot, SCV  
  34  3:30  SCV  
  34  3:32  Marine  
  44  3:41  SCV  
  44  3:42  SCV  
  46  3:51  Hellion x2  
  46  3:52  Supply Depot  
  46  3:53  SCV  
  46  3:54  SCV  
  52  4:07  Command Center, SCV x2  
  54  4:14  Viking  
  56  4:19  SCV x2  
  58  4:28  Barracks  
  58  4:29  Barracks  
  58  4:31  SCV x2  
  60  4:41  Factory Reactor  
  60  4:42  Engineering Bay  
  60  4:43  SCV  
  61  4:47  Engineering Bay  
  61  4:51  Factory Tech Lab  
  62  4:54  Bunker  
  62  4:59  Bunker  
  61  5:01  Supply Depot, Bunker  
  61  5:11  Marine, Siege Tank  
  62  5:15  SCV  
  62  5:17  SCV  
  62  5:20  Marine x2  
  63  5:24  Marine  
Show
View Real Time Build Order
Export as new Build Order

Serral Zerg - Winner!

Build Orders: Hatch First 

Get SALT Encoding   

  12  0:00  Drone  
  13  0:12  Overlord  
  13  0:17  Drone  
  14  0:30  Drone x2  
  16  0:49  Hatchery  
  15  0:52  Drone  
  15  0:55  Drone  
  17  0:58  Drone  
  18  1:08  Extractor  
  17  1:13  Spawning Pool  
  17  1:17  Drone  
  17  1:20  Drone  
  18  1:27  Drone  
  19  1:38  Drone  
  20  1:49  Drone  
  21  2:00  Queen x2  
  26  2:01  Zergling x4  
  27  2:14  Hatchery  
  26  2:19  Overlord  
  26  2:23  Drone  
  26  2:26  Drone  
  27  2:38  Drone, Metabolic Boost  
  27  2:40  Drone x2  
  30  2:47  Queen  
  30  2:51  Overlord  
  32  2:54  Drone  
  32  2:57  Drone  
  34  2:59  Drone  
  35  3:11  Drone x2  
  37  3:13  Drone x3  
  37  3:17  Overlord  
  40  3:20  Drone  
  41  3:29  Drone x3  
  41  3:33  Queen  
  46  3:36  Roach Warren  
  46  3:37  Extractor  
  46  3:39  Drone x2  
  47  3:41  Drone  
  47  3:44  Overlord  
  47  3:45  Zergling x2  
  47  3:47  Zergling x2  
  49  3:50  Zergling x4  
  51  3:58  Zergling x2  
  51  4:00  Overlord  
  52  4:19  Overlord  
  52  4:20  Roach x8  
  52  4:23  Roach  
  72  4:24  Roach  
  72  4:31  Overlord  
  72  4:33  Spore Crawler  
  72  4:35  Roach  
  73  4:42  Roach x2  
  73  4:43  Roach x2  
  81  4:50  Zergling x10  
  84  4:55  Zergling x4  
  83  5:00  Overlord  
  83  5:06  Overlord  
  83  5:24  Ravager  
  83  5:25  Ravager  
  83  5:26  Ravager, Zergling x18  
Tags
 
Add a new tag
Caveats
  • Supply blocks, unpowered buildings, or Contaminate may cause inaccurate times.
  • Supply counts are checked every 10 seconds.